Map: Kairos Junction LE

Players

Silky - Winner!

  • Race: Zerg Zerg
  • Spawn Location: 5:00

TIME (Oliveira)

  • Race: Terran Terran
  • Spawn Location: 11:00

Event: 2019 WCS Winter Americas

VOD

Have the link to the VOD?

Description

Time

  • Played on: Feb. 17, 2019, 1:48 p.m.
  • Length: 29:03

All games in this series

Show
View Real Time Build Order
Export as new Build Order

Silky Zerg - Winner!

Build Orders: Pool First, Roach Hydra 

Get SALT Encoding   

  12  0:00  Drone  
  13  0:12  Overlord  
  13  0:16  Drone  
  14  0:30  Drone  
  14  0:31  Drone  
  16  0:40  Spawning Pool  
  15  0:44  Drone  
  15  0:48  Drone  
  17  1:08  Hatchery  
  16  1:11  Drone  
  17  1:25  Extractor  
  16  1:27  Zergling x4  
  16  1:28  Zergling x2  
  16  1:32  Queen  
  21  1:41  Overlord  
  21  1:49  Drone  
  22  2:00  Drone  
  23  2:09  Queen  
  23  2:13  Drone  
  26  2:20  Queen  
  26  2:21  Drone x2  
  29  2:27  Metabolic Boost  
  29  2:33  Overlord  
  29  2:36  Drone  
  30  2:43  Drone x2  
  32  3:02  Hatchery, Drone x2  
  32  3:04  Drone  
  32  3:09  Drone x2  
  34  3:17  Drone x2  
  36  3:22  Zergling x2  
  36  3:25  Drone x3  
  40  3:30  Overlord  
  40  3:35  Queen  
  40  3:39  Drone  
  43  3:42  Overlord  
  43  3:50  Drone x3  
  46  3:55  Roach Warren  
  46  3:58  Drone x4  
  46  4:02  Queen  
  51  4:12  Queen  
  51  4:14  Overlord  
  51  4:15  Drone x2  
  51  4:16  Drone  
  56  4:21  Spore Crawler  
  55  4:26  Zergling x2  
  55  4:27  Zergling x4  
  55  4:28  Zergling x2  
  59  4:38  Drone x2  
  59  4:41  Roach x3  
  65  4:46  Roach x2  
  65  4:52  Drone x4  
  73  4:53  Lair  
  73  5:03  Drone  
  73  5:04  Overlord x2  
  74  5:07  Spore Crawler  
  74  5:11  Overlord  
  68  5:26  Drone  
  68  5:27  Drone x4  
  71  5:35  Drone x6  
  73  5:44  Drone  
  73  5:45  Drone  
  73  5:46  Spore Crawler  
  73  5:49  Drone  
  73  5:52  Overseer  
  73  5:55  Drone x2  
  73  6:03  Drone x3  
  74  6:06  Glial Reconstitution  
  74  6:08  Extractor  
  74  6:09  Extractor  
  74  6:11  Drone  
  73  6:16  Drone x2  
  73  6:17  Extractor x2  
  73  6:20  Zergling x2  
  73  6:22  Zergling x2  
  73  6:23  Zergling x2  
  73  6:24  Queen  
  73  6:25  Hatchery, Drone x3  
  70  6:40  Drone  
  70  6:41  Drone x5  
  70  6:46  Hatchery  
  74  6:48  Drone x6  
  80  6:58  Drone x3  
  80  6:59  Overseer, Drone  
  80  7:01  Drone x2  
  86  7:05  Evolution Chamber  
  86  7:08  Evolution Chamber, Drone x3  
  87  7:16  Extractor, Drone x3  
  87  7:17  Infestation Pit  
  88  7:23  Drone x3  
  88  7:24  Drone x2  
  93  7:31  Zerg Missile Weapons Level 1  
  93  7:33  Hydralisk Den  
  93  7:34  Zerg Ground Armor Level 1  
  93  7:35  Overlord  
  93  7:36  Overlord x3  
  91  7:39  Hatchery  
  90  7:47  Overlord  
  90  7:55  Roach x6  
  90  7:56  Roach x5  
  112  8:01  Queen  
  112  8:02  Hydralisk  
  112  8:03  Hydralisk  
  118  8:08  Muscular Augments  
  118  8:11  Hydralisk x2  
  122  8:18  Drone x2  
  122  8:19  Drone x4  
  128  8:22  Spore Crawler, Hydralisk x2  
  131  8:29  Hive  
  131  8:36  Hydralisk x2  
  135  8:47  Spore Crawler, Extractor x2  
  132  8:55  Drone x6  
  137  9:07  Zergling x2  
  137  9:08  Zergling x10  
  141  9:12  Spore Crawler  
  141  9:15  Spore Crawler, Overlord x2, Overseer  
  141  9:16  Spore Crawler, Pneumatized Carapace  
  138  9:19  Drone x3  
  138  9:20  Spore Crawler  
  138  9:21  Spore Crawler  
  139  9:28  Zerg Ground Armor Level 2, Zerg Missile Weapons Level 2  
  139  9:35  Hydralisk x4  
  147  9:41  Viper  
  147  9:42  Viper  
  147  9:45  Hatchery  
  150  9:50  Viper  
  148  9:54  Drone x6  
  148  9:59  Grooved Spines  
  154  10:05  Drone x2  
  154  10:06  Evolution Chamber, Drone  
  156  10:07  Evolution Chamber, Hydralisk  
  156  10:08  Spore Crawler, Hydralisk  
  156  10:10  Overlord x2  
  158  10:19  Overlord x3  
  158  10:20  Overlord  
  158  10:25  Spore Crawler  
  158  10:26  Spore Crawler  
  156  10:35  Hydralisk x8  
  156  10:40  Hydralisk x2  
  174  10:48  Hydralisk x4  
  172  10:55  Viper x3  
  149  11:34  Spire  
  149  11:35  Hydralisk x4  
  149  11:36  Roach  
  149  11:37  Roach x13  
  184  11:41  Drone x3  
  184  11:44  Drone x3  
  190  11:48  Drone x3  
  190  11:53  Spore Crawler  
  190  11:54  Spore Crawler x3  
  189  11:58  Evolution Chamber, Drone x2  
  189  12:00  Evolution Chamber  
  188  12:02  Zerg Ground Armor Level 3, Zerg Missile Weapons Level 3  
  188  12:12  Queen  
  188  12:14  Spore Crawler  
  189  12:16  Spore Crawler  
  188  12:25  Hydralisk  
  188  12:26  Hydralisk x7  
  180  12:45  Hydralisk  
  180  12:46  Hydralisk x4  
  180  12:48  Greater Spire  
  178  13:08  Roach x6  
  178  13:09  Roach x7  
  186  13:13  Viper x2  
  192  13:22  Drone x3  
  187  13:41  Roach x2  
  187  13:42  Roach x2  
  191  13:49  Overlord x2  
  191  13:58  Overlord x2  
  191  13:59  Overlord  
  191  14:01  Zerg Flyer Weapons Level 1  
  171  14:26  Corruptor x6  
  171  14:36  Roach  
  171  14:37  Roach x3  
  152  14:42  Hydralisk x14  
  159  14:46  Drone x5  
  159  14:47  Queen  
  158  14:55  Drone  
  158  14:56  Drone x7  
  164  15:01  Brood Lord  
  164  15:02  Brood Lord x4  
  164  15:05  Brood Lord  
  174  15:07  Drone  
  174  15:08  Drone x4  
  174  15:14  Drone  
  180  15:15  Spine Crawler x2  
  178  15:22  Drone  
  178  15:23  Drone x3  
  182  15:37  Hydralisk x6  
  194  15:43  Zerg Melee Weapons Level 1  
  194  15:53  Drone x3  
  194  15:54  Drone x2  
  194  15:55  Drone  
  194  15:56  Spine Crawler  
  199  15:58  Spine Crawler  
  194  16:08  Hydralisk  
  194  16:09  Hydralisk x4  
  136  16:20  Drone x2  
  136  16:21  Drone x2  
  138  16:28  Hydralisk  
  138  16:29  Hydralisk x7  
  150  16:39  Hydralisk x4  
  146  16:44  Viper  
  155  16:50  Swarm Host  
  155  16:51  Swarm Host x2  
  164  16:59  Hatchery  
  164  17:00  Extractor  
  164  17:01  Extractor, Drone x2  
  164  17:05  Swarm Host x2  
  164  17:06  Swarm Host  
  172  17:18  Swarm Host x4  
  172  17:19  Swarm Host x2  
  190  17:25  Swarm Host x2  
  196  17:32  Swarm Host  
  199  17:41  Spine Crawler  
  198  17:54  Hatchery  
  197  18:02  Hydralisk  
  183  18:34  Viper x2  
  183  18:36  Hydralisk x5  
  183  18:37  Hydralisk  
  183  18:39  Drone  
  198  19:20  Hatchery  
  198  19:21  Drone x5  
  183  19:25  Hydralisk x2, Roach  
  183  19:26  Hydralisk x2, Roach x3  
  183  19:29  Drone  
  200  19:44  Roach  
  196  20:03  Spine Crawler x2  
  192  20:25  Ravager x4  
  192  20:26  Ravager  
  195  20:42  Overseer x2  
  195  20:46  Spore Crawler  
  195  20:47  Spore Crawler  
  195  20:48  Spore Crawler  
  187  21:23  Swarm Host  
  187  21:41  Extractor x2  
  183  21:52  Hatchery  
  169  21:55  Queen  
  169  21:58  Spore Crawler, Hatchery  
  169  22:02  Spore Crawler  
  169  22:04  Spore Crawler  
  164  22:19  Hydralisk x7  
  164  22:22  Roach x4  
  186  22:24  Roach x6  
  194  22:30  Drone x2  
  194  22:31  Drone x2  
  194  22:33  Drone x2  
  200  22:50  Hatchery  
  193  23:15  Ravager x3  
  193  23:16  Ravager x6  
  189  23:21  Drone x4  
  191  23:34  Extractor  
  191  23:35  Extractor  
  191  23:36  Spore Crawler  
  177  23:49  Overseer  
  177  23:50  Overseer  
  177  24:05  Hydralisk x4  
  177  24:07  Roach x2  
  177  24:08  Roach  
  191  24:23  Viper x4  
  182  24:31  Hydralisk x9  
  176  24:38  Overseer  
  189  24:45  Ravager x3  
  192  24:46  Overseer x2  
  192  24:50  Drone x3  
  195  24:53  Drone x4  
  199  25:23  Spore Crawler x2  
  199  25:24  Spore Crawler  
  199  25:27  Spine Crawler x3  
  193  25:33  Drone x3, Spine Crawler  
  193  25:34  Spine Crawler x2  
  193  25:35  Spine Crawler  
  192  25:40  Extractor  
  177  25:58  Hydralisk x7  
  188  26:15  Hydralisk x3, Roach x3  
  172  26:37  Hydralisk x14  
  186  26:46  Viper x2  
  168  26:48  Drone x3  
  168  26:49  Drone  
  168  26:50  Extractor  
  168  26:51  Extractor  
  168  26:53  Hydralisk, Roach  
  168  26:54  Roach x9  
  192  27:01  Hatchery  
  185  27:09  Hydralisk x2  
  185  27:10  Hydralisk x3  
  185  27:12  Overlord  
  185  27:33  Roach x2  
  185  27:34  Roach x6  
  199  27:38  Hydralisk, Spore Crawler  
  199  27:39  Spore Crawler  
  199  27:48  Extractor  
  199  27:51  Spore Crawler  
  197  27:53  Extractor  
  197  27:56  Hatchery  
  184  28:14  Hydralisk  
  184  28:15  Hydralisk x5  
  184  28:18  Queen  
  187  28:21  Drone x3  
  187  28:22  Drone x3  
  193  28:31  Drone x2  
  193  28:32  Drone x5  
  198  28:39  Hydralisk x2  
Show
View Real Time Build Order
Export as new Build Order

TIME Terran 

Build Orders: Reaper Expand, Hellion Banshee, Mech 

Get SALT Encoding   

  12  0:01  SCV  
  13  0:13  SCV  
  14  0:17  Supply Depot  
  14  0:25  SCV  
  15  0:39  SCV  
  15  0:40  Barracks  
  16  0:44  Refinery  
  16  0:51  SCV  
  17  1:03  SCV  
  18  1:15  SCV  
  19  1:28  Reaper, Orbital Command  
  20  1:40  Command Center  
  20  1:51  Supply Depot  
  20  1:53  SCV  
  21  2:00  Marine  
  22  2:05  SCV  
  23  2:09  Factory  
  23  2:18  SCV, Refinery  
  24  2:22  Barracks Reactor  
  24  2:30  SCV  
  24  2:33  Bunker  
  24  2:45  SCV  
  25  2:55  Starport  
  25  3:06  Hellion x2, Marine  
  25  3:09  Orbital Command  
  25  3:11  SCV  
  31  3:24  Marine  
  32  3:27  SCV, Hellion x2  
  32  3:33  Medivac  
  39  3:36  SCV  
  39  3:39  SCV  
  41  3:41  Supply Depot  
  42  3:49  Hellion  
  42  3:50  SCV  
  42  3:51  SCV  
  45  3:58  Hellion  
  46  4:03  SCV x2  
  46  4:04  Starport Tech Lab, Supply Depot  
  48  4:10  Armory  
  48  4:12  Hellion  
  48  4:15  SCV  
  51  4:21  Hellion  
  51  4:22  Cloaking Field  
  53  4:24  SCV  
  53  4:28  Banshee  
  57  4:37  Hellion  
  60  4:38  SCV x2  
  61  4:50  SCV  
  62  4:55  Supply Depot  
  62  4:56  Supply Depot  
  62  5:14  SCV x2  
  62  5:15  Hellion x3  
  62  5:16  Banshee  
  62  5:17  Hellion x2  
  69  5:22  Command Center  
  69  5:23  Barracks Tech Lab  
  69  5:26  SCV x2  
  69  5:27  Refinery  
  69  5:28  Refinery  
  67  5:38  SCV  
  67  5:39  SCV  
  57  5:51  SCV  
  57  5:54  Siege Tank  
  57  5:56  SCV  
  62  6:03  SCV  
  63  6:04  Marine x2  
  63  6:05  Banshee  
  63  6:06  Factory x2  
  63  6:08  SCV  
  69  6:13  Supply Depot  
  69  6:15  SCV  
  70  6:20  SCV  
  70  6:22  Marine x2  
  70  6:25  Terran Vehicle Weapons Level 1  
  73  6:26  Siege Tank  
  73  6:27  SCV, Supply Depot  
  77  6:35  SCV  
  78  6:45  SCV  
  70  6:50  SCV  
  70  6:53  Banshee  
  74  6:54  Factory Tech Lab  
  74  6:58  SCV  
  74  7:00  Armory  
  78  7:03  Hellion x2, Cyclone  
  78  7:05  SCV  
  83  7:10  SCV  
  83  7:11  Refinery  
  83  7:13  Command Center, Refinery  
  84  7:16  Cyclone  
  84  7:19  Hyperflight Rotors  
  84  7:20  SCV, Orbital Command  
  88  7:24  SCV  
  88  7:26  Engineering Bay  
  89  7:31  Hellion x2  
  89  7:32  SCV, Supply Depot  
  89  7:35  Mag-Field Accelerator  
  89  7:36  SCV, Banshee  
  97  7:40  Cyclone  
  100  7:45  SCV  
  100  7:47  SCV  
  100  7:49  SCV  
  100  7:50  Terran Vehicle And Ship Armor Level 1  
  103  7:55  Cyclone  
  103  7:57  SCV  
  103  7:58  Missile Turret  
  107  7:59  SCV  
  107  8:00  Missile Turret  
  107  8:04  Missile Turret  
  110  8:06  Hellion x2  
  110  8:08  SCV  
  110  8:09  SCV  
  110  8:11  SCV  
  115  8:17  Supply Depot  
  115  8:22  Supply Depot  
  115  8:23  Terran Vehicle Weapons Level 2  
  115  8:24  Cyclone, Banshee  
  121  8:31  Hellion x2  
  121  8:33  SCV  
  126  8:39  SCV, Factory x2  
  126  8:40  SCV  
  128  8:45  SCV  
  128  8:47  Supply Depot  
  128  8:48  Cyclone  
  132  8:51  Supply Depot  
  132  8:55  Hellion x2  
  134  8:56  SCV  
  134  8:58  Cyclone  
  138  9:11  Banshee  
  141  9:20  Missile Turret, Siege Tank  
  141  9:21  Sensor Tower  
  141  9:22  Hellion x2  
  148  9:28  Refinery  
  148  9:30  Missile Turret, Factory Reactor, Siege Tank, Factory Tech Lab  
  151  9:32  Refinery  
  151  9:33  Missile Turret  
  146  9:47  Supply Depot  
  146  9:48  Supply Depot  
  146  9:49  Hellion x2  
  146  9:52  Siege Tank  
  150  10:05  SCV, Terran Vehicle And Ship Armor Level 2  
  148  10:07  Planetary Fortress  
  148  10:08  Starport Reactor  
  148  10:10  Infernal Pre-Igniter, Hellion x2  
  152  10:16  Thor  
  152  10:19  Thor  
  160  10:21  SCV x2  
  160  10:27  Command Center  
  160  10:28  Sensor Tower  
  161  10:32  Hellion x2  
  165  10:36  Siege Tank  
  165  10:38  SCV  
  165  10:43  SCV  
  165  10:45  Hellion  
  165  10:48  SCV x2  
  162  10:54  SCV  
  162  10:55  SCV  
  162  10:56  Viking  
  162  10:57  Viking  
  166  10:58  Terran Vehicle Weapons Level 3  
  166  10:59  Supply Depot x2  
  166  11:04  Supply Depot  
  166  11:05  Supply Depot  
  153  11:13  Siege Tank x3  
  151  11:23  Missile Turret  
  151  11:24  SCV, Missile Turret  
  149  11:27  Hellion x2  
  149  11:30  SCV  
  154  11:33  SCV x2, Missile Turret  
  156  11:41  Viking x2  
  156  11:45  Siege Tank  
  163  11:48  Siege Tank x2  
  169  12:00  Hellion x3  
  169  12:09  Smart Servos  
  169  12:11  Hellion  
  171  12:16  Planetary Fortress  
  171  12:19  Siege Tank, Refinery x2  
  171  12:20  Viking x2  
  174  12:27  SCV x2  
  174  12:30  Missile Turret, Thor  
  174  12:31  Sensor Tower  
  176  12:42  Thor  
  163  12:44  Hellion  
  163  12:45  Hellion x2  
  163  12:49  SCV  
  163  12:50  SCV x3  
  173  12:52  Terran Vehicle And Ship Armor Level 3  
  173  12:54  Siege Tank  
  176  13:02  Viking  
  169  13:14  Hellion x2, Command Center  
  169  13:17  Missile Turret  
  169  13:18  Missile Turret  
  173  13:22  Siege Tank  
  173  13:24  Hellion  
  174  13:35  Viking x2  
  174  13:38  Siege Tank  
  174  13:39  Hellion  
  174  13:40  Hellion  
  181  13:45  Sensor Tower  
  181  13:47  SCV  
  179  13:49  Supply Depot  
  179  13:50  Thor  
  185  14:07  Thor  
  185  14:08  Supply Depot  
  184  14:12  Supply Depot  
  184  14:14  Thor  
  184  14:29  Hellion x2  
  184  14:37  Hellion x2  
  184  14:38  SCV, Siege Tank  
  171  14:45  Command Center  
  166  14:48  Supply Depot  
  166  14:49  Sensor Tower  
  166  14:50  Supply Depot  
  166  14:58  Planetary Fortress  
  164  15:10  Hellion  
  164  15:11  Siege Tank  
  164  15:12  Hellion x2  
  169  15:14  Hellion  
  169  15:17  Viking  
  169  15:19  Siege Tank x2  
  171  15:34  Starport  
  171  15:35  Terran Ship Weapons Level 1, Starport  
  165  15:40  SCV x2  
  167  15:43  Thor  
  173  16:00  Viking  
  173  16:03  Viking  
  169  16:09  Hellion x2  
  169  16:10  Siege Tank  
  169  16:11  Viking, Hellion x2  
  149  16:15  Siege Tank  
  149  16:16  Hellion  
  149  16:17  SCV  
  139  16:21  Hellion  
  139  16:25  Planetary Fortress  
  134  16:27  SCV  
  134  16:30  Viking  
  137  16:33  Viking, Siege Tank  
  137  16:37  SCV  
  136  16:40  Hellion  
  136  16:42  Siege Tank  
  136  16:43  SCV x2  
  145  16:47  Hellion x2  
  145  16:55  Hellion x2  
  149  17:02  Viking  
  149  17:03  Missile Turret  
  149  17:04  Missile Turret  
  151  17:10  Hellion, Siege Tank  
  156  17:18  Liberator  
  156  17:19  Viking, Liberator  
  156  17:22  Siege Tank  
  161  17:30  Hellion x2  
  169  17:39  Siege Tank  
  172  17:47  Hellion  
  172  17:48  Hellion  
  179  17:58  Thor  
  182  18:07  Terran Ship Weapons Level 2  
  182  18:12  Thor, Supply Depot x2  
  186  18:23  Command Center  
  186  18:31  Hellion  
  186  18:33  Viking  
  173  18:37  Thor  
  173  18:38  Hellion  
  173  18:39  Hellion  
  179  18:44  Hellion  
  179  18:48  Siege Tank  
  170  18:57  Hellion, Starport Tech Lab x2  
  172  19:03  Siege Tank  
  172  19:04  Hellion  
  175  19:28  Banshee x2  
  175  19:29  Orbital Command  
  181  19:35  Hellion x2  
  181  19:37  Hellion  
  184  19:46  Hellion  
  186  19:59  Siege Tank x3  
  193  20:11  Banshee x2  
  196  20:28  SCV  
  196  20:31  Hellion  
  196  20:32  Hellion  
  194  20:35  Hellion  
  194  20:36  Hellion, Siege Tank x2  
  200  20:44  Hellion x2  
  200  20:50  Refinery  
  200  20:51  Missile Turret  
  200  20:53  Missile Turret  
  200  20:54  Refinery  
  200  21:18  Missile Turret  
  196  21:22  Missile Turret  
  196  21:27  Banshee  
  196  21:30  Planetary Fortress  
  199  21:36  Sensor Tower  
  199  21:37  Hellion x5  
  199  21:44  Missile Turret  
  199  21:52  SCV  
  189  21:54  Banshee  
  189  21:57  Hellion x2  
  189  21:58  Hellion  
  196  22:10  Liberator  
  196  22:13  Terran Ship Weapons Level 3  
  187  22:16  Siege Tank x2  
  187  22:17  Siege Tank  
  187  22:21  Hellion x2  
  187  22:22  Hellion x2  
  193  22:27  Banshee  
  199  22:35  Command Center  
  195  22:40  Banshee  
  195  22:43  Hellion  
  194  22:52  Siege Tank  
  194  22:54  Hellion  
  194  22:58  Siege Tank  
  194  22:59  Siege Tank  
  191  23:06  Liberator x2  
  182  23:16  Hellion x3, Banshee  
  186  23:21  Hellion  
  186  23:24  Siege Tank  
  186  23:25  Banshee  
  191  23:50  Siege Tank  
  191  23:51  Hellion x2  
  191  23:52  Hellion  
  200  24:19  Thor x3  
  200  24:23  Siege Tank  
  168  24:24  Hellion  
  168  24:26  Banshee x2  
  168  24:29  Siege Tank x2  
  168  24:30  Hellion x2  
  169  24:39  Hellion  
  169  24:40  Viking x2  
  169  24:41  Missile Turret  
  169  24:43  Missile Turret  
  172  24:48  Planetary Fortress  
  172  24:49  Hellion  
  174  25:04  Siege Tank x3  
  174  25:05  Hellion  
  185  25:08  SCV  
  185  25:09  SCV, Banshee x2  
  185  25:11  SCV  
  190  25:14  Hellion x2  
  190  25:16  SCV  
  189  25:37  Supply Depot x2  
  189  25:38  Supply Depot  
  189  25:39  Supply Depot  
  189  25:40  Command Center, Supply Depot  
  189  25:53  SCV  
  189  25:56  SCV  
  186  25:57  Hellion  
  186  25:58  Hellion, Siege Tank  
  186  26:00  Hellion x2  
  186  26:01  Siege Tank  
  185  26:04  Siege Tank  
  185  26:06  SCV  
  185  26:10  SCV  
  189  26:18  Hellion  
  189  26:22  Hellion  
  187  26:30  Siege Tank  
  187  26:32  Liberator x2  
  170  26:33  Hellion, Siege Tank  
  170  26:36  Siege Tank  
  121  26:41  Hellion x2  
  108  26:47  Hellion  
  108  26:48  Banshee x2  
  122  26:54  Planetary Fortress  
  122  26:56  Hellion  
  124  27:03  Hellion, Refinery  
  124  27:04  Hellion, Refinery  
  126  27:12  Hellion, Siege Tank  
  126  27:13  Sensor Tower, Siege Tank  
  134  27:22  Hellion x2  
  115  27:34  Siege Tank  
  115  27:36  Hellion  
  118  27:40  Hellion  
  120  27:54  Viking  
  122  28:00  Orbital Command  
  122  28:03  Hellion  
  117  28:06  Siege Tank  
  117  28:09  Hellion  
  110  28:18  Siege Tank  
  106  28:24  Hellion x2  
  106  28:25  Hellion  
  108  28:31  Viking  
  110  28:37  Hellion  
Tags
 
Add a new tag
Caveats
  • Supply blocks, unpowered buildings, or Contaminate may cause inaccurate times.
  • Supply counts are checked every 10 seconds.